 Dungeon Crawl Stone Soup version 0.29-a0-334-gb41bcbb86e (webtiles) character file.

Game seed: 12109643679358442821

30 jlumianski the Skirmisher (level 3, -5/29 HPs)
             Began as a Demonspawn Fighter on Apr 14, 2022.
             Slain by an orc
             ... wielding a +0 war axe
              (7 damage)
             ... on level 3 of the Dungeon.
             The game lasted 00:02:58 (1036 turns).

jlumianski the Skirmisher (Demonspawn Fighter)      Turns: 1036, Time: 00:02:58

Health: -5/29      AC:  8    Str: 22    XL:     3   Next: 3%
Magic:  3/3        EV:  9    Int:  9    God:
Gold:   29         SH:  4    Dex: 12    Spells: 2/2 levels left

rFire   + . .      SeeInvis +   a - +0 war axe
rCold   + . .      Faith    .   c - +0 buckler
rNeg    . . .      Spirit   .   b - +0 scale mail
rPois   .          Reflect  .   k - +2 hat
rElec   .          Harm     .   (no cloak)
rCorr   +          Rampage  .   (no gloves)
Will    .....                   (no boots)
Stlth   ..........              (no amulet)
HPRegen 0.09/turn               h - ring of see invisible
MPRegen 0.16/turn               i - ring of Bonilocy {rF+ rC+ rCorr Str+4}

@: mighty
A: magic regeneration
a: no special abilities


You were on level 3 of the Dungeon.
You visited 1 branch of the dungeon, and saw 3 of its levels.

You collected 29 gold pieces.

Inventory:

Hand Weapons
 a - a +0 war axe (weapon)
Missiles
 e - 34 stones (quivered)
Armour
 b - a +0 scale mail (worn)
 c - a +0 buckler (worn)
 k - a +2 hat (worn)
Jewellery
 h - a ring of see invisible (left hand)
 i - the ring of Bonilocy (right hand) {rF+ rC+ rCorr Str+4}
   (You found it on level 2 of the Dungeon)

   [ring of resist corrosion]

   Str:       It affects your strength (+4).
   rF:        It protects you from fire.
   rC:        It protects you from cold.
   rCorr:     It protects you from acid and corrosion.
Scrolls
 f - a scroll of fear {unknown}
 g - a scroll of identify {unknown}
Potions
 d - a potion of might
 j - a potion of cancellation {unknown}


   Skills:
 + Level 3.3 Fighting
 + Level 2.3 Axes
 + Level 2.9 Armour
 + Level 3.0 Shields


You had 2 spell levels left.
You didn't know any spells.
Your spell library contained the following spells:

 Spells                   Type           Power      Damage    Failure   Level
 Shock                    Conj/Air       0%         1d3       80%         1
 Swiftness                Air            0%         N/A       99%         3
 Airstrike                Air            0%         N/A       100%        4


Dungeon Overview and Level Annotations

Branches:
Dungeon (3/15)

Altars:

Shops:
D:1 !


Innate Abilities, Weirdness & Mutations

You regenerate magic rapidly.


Message History

You miss the frilled lizard. You hit the orc but do no damage.
The frilled lizard bites you. The orc closely misses you.
You're too confused to move!
The frilled lizard bites you but does no damage.
The goblin barely misses you.
The frilled lizard attacks as you move away!
The frilled lizard bites you but does no damage.
The orc hits you but does no damage.
You closely miss the orc. You closely miss the goblin.
You miss the frilled lizard.
You feel less confused.
The frilled lizard bites you but does no damage.
The goblin barely misses you. The orc hits you with a +0 war axe.
There is a stone staircase leading down here.
The frilled lizard bites you. The orc barely misses you.
You climb downwards.
There is a stone staircase leading up here.
You barely miss the frilled lizard. You hit the orc but do no damage.
You block the orc's attack. The frilled lizard barely misses you.
The frilled lizard bites you but does no damage.
The orc barely misses you.
You closely miss the frilled lizard. You hit the orc but do no damage.
The frilled lizard barely misses you. The orc hits you with a +0 war axe.
You closely miss the frilled lizard. You closely miss the orc.
The frilled lizard barely misses you. The orc hits you with a +0 war axe.
* * * LOW HITPOINT WARNING * * *
You block the frilled lizard's attack. The orc hits you with a +0 war axe.
* * * LOW HITPOINT WARNING * * *
You feel very mighty all of a sudden. The orc closely misses you.
The frilled lizard bites you but does no damage.
You barely miss the orc. You miss the frilled lizard.
The frilled lizard bites you but does no damage.
You block the orc's attack.
You hit the orc but do no damage. You barely miss the frilled lizard.
The frilled lizard bites you but does no damage.
You block the orc's attack.
The frilled lizard bites you but does no damage.
The orc hits you with a +0 war axe!
You die...

###
#######..
........#
........#
.......@#
......ol#
........#
........#
#########


You could see an orc and a frilled lizard.

Vanquished Creatures
  An adder (D:1)
  A ball python (D:1)
  A bat (D:1)
  2 endoplasms (D:1)
  A giant cockroach (D:1)
  A goblin (D:1)
  3 hobgoblins (D:1)
  2 jackals (D:1)
  2 kobolds
  A frilled lizard (D:1)
  3 rats
18 creatures vanquished.

Notes
Turn   | Place    | Note
-------+----------+-------------------------------------------
     0 | D:1      | jlumianski the Demonspawn Fighter began the quest for the
                  | Orb.
     0 | D:1      | Reached XP level 1. HP: 18/18 MP: 1/1
    50 | D:1      | Found Kuffu's Distillery.
   505 | D:1      | Gained mutation: You regenerate magic rapidly. [demonic
                  | ancestry]
   505 | D:1      | Reached XP level 2. HP: 22/24 MP: 2/2
   938 | D:1      | Reached XP level 3. HP: 29/29 MP: 3/3
   963 | D:2      | Identified the ring of Bonilocy {rF+ rC+ rCorr Str+4}
  1036 | D:3      | Slain by an orc

Illustrated notes

Levels and vault maps discovered:
D:1:      dpeg_arrival_tiny_g, layout_rooms, serial_shops, nicolae_square_shop
D:2:      layout_loops_ring, shapermc_ecumenical_altar_mp_ritualfount
D:3:      layout_basic, serial_shops, nicolae_shop_hallway_stairs, uniq_grinder,
          uniq_jessica, uniq_terence

Skill      XL: |  1  2 |
---------------+-------+-----
Shields        | 3 |  3.0
Axes           | 2 |  2.3
Fighting       | |  3.3
Armour         | |  2.9

Action                   || total
-------------------------++-------
Melee: War axe           ||    64
  Use: Potion            ||     1
Armor: Scale mail        ||    38
Dodge: Dodged            ||    40
Block: Buckler           ||    16

Table legend: (Time is in decaauts)
 A = Elapsed time spent in this place.
 B = Non-inter-level travel time spent in this place.
 C = Inter-level travel time spent in this place.
 D = Time resting spent in this place.
 E = Time spent auto-exploring this place.
 F = Levels seen in this place.
 G = Mean time per level.
                   A        B        C        D        E       F      G
               +--------+--------+--------+--------+--------+-----+--------+
         Total |   1065 |   1045 |     20 |    233 |    432 |   3 |  355.0 |
       Dungeon |   1065 |   1045 |     20 |    233 |    432 |   3 |  355.0 |
               +--------+--------+--------+--------+--------+-----+--------+

Top non-repeatable levels by time:
     D:1: 956 daAuts
     D:2: 101 daAuts
     D:3: 7 daAuts
